[Event "Titled Tuesday Blitz March 21 Early 2023"]
[White "Tregubov, Pavel V."]
[Black "Donskov, Anatoly"]
[WhiteFideId "4115341"]
[BlackFideId "24143413"]
[WhiteElo "2425"]
[BlackElo "2247"]
[Result "1-0"]
[Round "07"]
[TimeControl "180+2"]
[Date "2023.03.21"]
[WhiteClock "0:00:33"]
[BlackClock "0:00:38"]

1. e4 c5 2. Nf3 e6 3. c3 d5 4. e5 d4 5. d3 Nc6 6. g3 Nge7 7. Bg2 Ng6 8. Qe2 Qc7 9. Na3 a6 10. O-O Ngxe5 11. Nxe5 Nxe5 12. Bf4 Bd6 13. cxd4 cxd4 14. Rac1 Nc6 15. Bxd6 Qxd6 16. Nc4 Qe7 17. Ne5 O-O 18. Nxc6 bxc6 19. Qe5 Rd8 20. Rxc6 Ra7 21. Rfc1 Bd7 22. Rc7 Rxc7 23. Rxc7 Qb4 24. a3 Qxb2 25. Qd6 Qb1+ 26. Bf1 Qb5 27. Qe7 1-0


[Site "https://www.chess.com"]

[Event "Titled Tuesday Blitz March 21 Early 2023"]
[White "Zamorano, Jorge"]
[Black "Omariev, Maksim"]
[WhiteFideId "173770"]
[BlackFideId "4193423"]
[WhiteElo "2331"]
[BlackElo "2475"]
[Result "1-0"]
[Round "07"]
[TimeControl "180+2"]
[Date "2023.03.21"]
[WhiteClock "0:01:14"]
[BlackClock "0:00:04"]

1. e4 c5 2. Nf3 d6 3. d4 cxd4 4. Nxd4 Nf6 5. Nc3 a6 6. Bc4 e6 7. Bb3 Nbd7 8. Bg5 Nc5 9. Qe2 b5 10. O-O-O Qc7 11. Bxf6 gxf6 12. Kb1 Be7 13. f4 Bb7 14. f5 e5 15. Nf3 Nxb3 16. cxb3 Qb6 17. Nd5 Bxd5 18. Rxd5 O-O-O 19. Ne1 Kb7 20. Nc2 Bf8 21. Nb4 Bh6 22. Rd3 Rc8 23. a3 Rc5 24. Qh5 Bg5 25. Qxf7+ Kb8 26. h4 Rc7 27. Qe6 Be3 28. Rxd6 Qa7 29. Nxa6+ Ka8 30. Nxc7+ Qxc7 31. Rd7 Qc8 32. Qd5+ Kb8 33. Qxb5+ Ka8 34. Rh3 Bd4 35. Rd3 h5 36. R3xd4 exd4 37. Qa5+ 1-0


[Site "https://www.chess.com"]

[Event "Titled Tuesday Blitz March 21 Early 2023"]
[White "Khandelwal, Ankush"]
[Black "Domingo Nunez, Ruben"]
[WhiteFideId "413470"]
[BlackFideId "22245570"]
[WhiteElo "2263"]
[BlackElo "2404"]
[Result "0-1"]
[Round "07"]
[TimeControl "180+2"]
[Date "2023.03.21"]
[WhiteClock "0:00:41"]
[BlackClock "0:01:46"]

1. e4 g6 2. d4 Bg7 3. Nc3 c6 4. f4 d5 5. e5 f6 6. Nf3 Nh6 7. Be3 Bg4 8. Be2 Nf5 9. Bf2 Bxf3 10. Bxf3 fxe5 11. dxe5 O-O 12. Qd2 e6 13. g3 Nh6 14. Bc5 Rf7 15. O-O-O Nd7 16. Bd6 Nf5 17. Ba3 Nxe5 18. Be2 Nd7 19. Kb1 e5 20. fxe5 Bh6 21. Qe1 Nxe5 22. g4 Ne3 23. Rd4 b5 24. h4 Qb6 25. g5 Qxd4 26. gxh6 b4 0-1


[Site "https://www.chess.com"]

[Event "Titled Tuesday Blitz March 21 Early 2023"]
[White "Wahedi, Ahmad Siar"]
[Black "polandchessplayer"]
[WhiteFideId "4651260"]
[WhiteElo "2473"]
[BlackElo "2638"]
[Result "0-1"]
[Round "07"]
[TimeControl "180+2"]
[Date "2023.03.21"]
[WhiteClock "0:00:15"]
[BlackClock "0:00:03"]

1. e4 c6 2. d4 d5 3. e5 Bf5 4. h4 h5 5. Bd3 Bxd3 6. Qxd3 Qa5+ 7. c3 Qa6 8. Qf3 e6 9. Ne2 Nh6 10. Bxh6 Rxh6 11. Nd2 Nd7 12. O-O Be7 13. g3 g6 14. b3 Kf8 15. Nf4 Kg7 16. a3 Rah8 17. Nh3 Qb6 18. Qe3 Qd8 19. Nf3 Rf8 20. Nhg5 Rhh8 21. c4 Nb6 22. Rfc1 dxc4 23. bxc4 Qd7 24. a4 Rd8 25. a5 Na8 26. Rcb1 Rhf8 27. Qe4 b6 28. axb6 Nxb6 29. Qc2 c5 30. d5 Bxg5 31. Nxg5 exd5 32. cxd5 Qxd5 33. e6 fxe6 34. Rxa7+ Rd7 35. Rd1 Qc6 36. Qb2+ Kg8 37. Rdxd7 Nxd7 38. Qc2 Ne5 39. Qc3 Qd6 40. Kg2 Qd5+ 41. Kh2 Ng4+ 42. Kg1 Qd1+ 43. Kg2 Rxf2+ 0-1


[Site "https://www.chess.com"]

[Event "Titled Tuesday Blitz March 21 Early 2023"]
[White "Sreyas Payyappat"]
[Black "Cuenca Jimenez, Jose Fernando"]
[WhiteFideId "46674969"]
[BlackFideId "2255570"]
[WhiteElo "2083"]
[BlackElo "2429"]
[Result "1-0"]
[Round "07"]
[TimeControl "180+2"]
[Date "2023.03.21"]
[WhiteClock "0:00:16"]
[BlackClock "0:00:05"]

1. e4 d6 2. d4 Nf6 3. Nc3 e5 4. dxe5 dxe5 5. Qxd8+ Kxd8 6. Bg5 Be6 7. f4 exf4 8. e5 h6 9. O-O-O+ Nd7 10. Bxf4 Ng4 11. Nh3 Bc5 12. Be2 Ne3 13. Bxe3 Bxe3+ 14. Kb1 c6 15. Rd3 Bb6 16. Nf4 Kc7 17. Nxe6+ fxe6 18. Rg3 g5 19. Bg4 Rae8 20. Bh5 Re7 21. Na4 Nxe5 22. Nxb6 axb6 23. Re1 Nc4 24. b3 Nd6 25. Rge3 Rf8 26. Rxe6 Rxe6 27. Rxe6 Rf2 28. Bf3 g4 29. Bxg4 Rxg2 30. h3 Ne4 31. Rxe4 Rg3 32. Re7+ Kd6 33. Rxb7 h5 34. Rd7+ Kc5 35. Bxh5 Rxh3 36. Bg4 Rg3 37. Rg7 Kb4 38. Kb2 c5 39. a3+ Ka5 40. Ra7+ Kb5 41. Bd7# 1-0


[Site "https://www.chess.com"]

[Event "Titled Tuesday Blitz March 21 Early 2023"]
[White "Skliarov, Viktor"]
[Black "Yosha_Iglesias"]
[WhiteFideId "14106736"]
[WhiteElo "2289"]
[BlackElo "2473"]
[Result "1/2-1/2"]
[Round "07"]
[TimeControl "180+2"]
[Date "2023.03.21"]
[WhiteClock "0:01:05"]
[BlackClock "0:01:23"]

1. e4 c5 2. Nf3 d6 3. d4 cxd4 4. Qxd4 Bd7 5. c4 Nc6 6. Qd2 g6 7. b3 Bg7 8. Bb2 Nf6 9. Nc3 O-O 10. Be2 a6 11. O-O Rc8 12. h3 Qa5 13. Rab1 b5 14. cxb5 axb5 15. Bxb5 Nxe4 16. Nxe4 Qxb5 17. Bxg7 Kxg7 18. a4 Qb4 19. Qe3 Bf5 20. Rbe1 Bxe4 21. Qxe4 Qxb3 22. Nd4 Nxd4 23. Qxd4+ e5 24. Qxd6 Qxa4 25. Qxe5+ Kg8 26. g3 Rce8 27. Qf6 Rxe1 28. Rxe1 Re8 29. Rxe8+ Qxe8 30. h4 h5 31. Kg2 Qe4+ 32. Kh2 Qe2 33. Kg2 1/2-1/2


[Site "https://www.chess.com"]

[Event "Titled Tuesday Blitz March 21 Early 2023"]
[White "Al-Tarboush, Ward"]
[Black "Begunov, Konstantin"]
[WhiteFideId "7601450"]
[BlackFideId "4118510"]
[WhiteElo "2257"]
[BlackElo "2079"]
[Result "1-0"]
[Round "07"]
[TimeControl "180+2"]
[Date "2023.03.21"]
[WhiteClock "0:00:11"]
[BlackClock "0:00:09"]

1. e4 c5 2. Nf3 d6 3. d4 cxd4 4. Nxd4 Nf6 5. Nc3 a6 6. h3 e6 7. g4 b5 8. Bg2 Bb7 9. g5 b4 10. gxf6 bxc3 11. fxg7 Bxg7 12. bxc3 Qc7 13. Bd2 Nd7 14. O-O Nc5 15. Re1 Bf6 16. Rb1 Ke7 17. Qh5 Rag8 18. f3 Rg6 19. Nf5+ exf5 20. exf5+ Kf8 21. fxg6 hxg6 22. Bh6+ Kg8 23. Re8+ Kh7 24. Rxh8+ Kxh8 25. Qg4 Ne6 26. Qb4 Nc5 27. Be3 Bc8 28. Bd4 Be5 29. Bxe5+ dxe5 30. Qh4+ Kg7 31. Re1 Ne6 32. Qe4 f6 33. h4 Nf4 34. Qe3 Bf5 35. Bf1 Bxc2 36. c4 Qa5 37. c5 Ba4 38. Rc1 Bc6 39. h5 Qxa2 40. hxg6 Kxg6 41. Qf2 Qa3 42. Qg3+ Kh6 43. Rc2 Qe3+ 44. Rf2 a5 45. Kh1 a4 46. Rh2+ Nh5 47. Rh3 a3 48. Qg4 Qg5 49. Qc8 a2 50. Qh8+ Kg6 51. Qg8+ Ng7 52. Bd3+ e4 53. Qxa2 exd3 54. Qf2 d2 55. Qf1 Bd5 56. Rh2 Nf5 57. Rg2 Ng3+ 58. Rxg3 Qxg3 59. Qd3+ Be4 60. Qxe4+ Kg5 61. Qd5+ Kf4 62. Qxd2+ Kxf3 63. Qd3+ Kg4 64. Qxg3+ Kxg3 65. c6 f5 66. c7 f4 67. c8=Q f3 68. Qc3 Kf2 69. Qd2+ Kg3 70. Qe3 Kg4 71. Qf2 Kf4 72. Kh2 1-0


[Site "https://www.chess.com"]

[Event "Titled Tuesday Blitz March 21 Early 2023"]
[White "cryptoguru02"]
[Black "Filgueira, Hernan"]
[BlackFideId "101770"]
[WhiteElo "2455"]
[BlackElo "2363"]
[Result "0-1"]
[Round "07"]
[TimeControl "180+2"]
[Date "2023.03.21"]
[WhiteClock "0:00:09"]
[BlackClock "0:00:17"]

1. d4 g6 2. e4 Bg7 3. Nc3 d6 4. Be3 c6 5. f3 b5 6. Qd2 Nd7 7. h4 h5 8. Nh3 Nb6 9. Ng5 Nf6 10. Bd3 Qc7 11. O-O O-O 12. a4 b4 13. Nd1 a5 14. c4 bxc3 15. bxc3 c5 16. dxc5 dxc5 17. Bb5 Bd7 18. Qf2 Bxb5 19. axb5 Nfd7 20. f4 Nc4 21. e5 e6 22. Nb2 Nxb2 23. Qxb2 Nb6 24. Ne4 Nc4 25. Qe2 Nxe3 26. Qxe3 c4 27. b6 Qc6 28. Rfd1 Rfd8 29. Rxd8+ Rxd8 30. Rxa5 Bf8 31. Ra7 Kg7 32. Kh2 Rd3 33. Qe2 Qxb6 34. Ra4 Qb3 35. Ra7 Qb6 36. Ra4 Qc6 37. Ra7 Qd5 38. Ng5 Rd2 39. Rxf7+ Kg8 40. Qf1 Rd1 41. Qf3 Qc5 42. Qe4 Qg1+ 43. Kh3 Qh1+ 44. Kg3 Qe1+ 45. Qxe1 Rxe1 46. Rc7 Re3+ 47. Kf2 Rxc3 48. Nxe6 Ba3 49. Rc8+ Kf7 50. Ng5+ Ke7 51. e6 Bd6 52. Rc7+ Bxc7 53. Ne4 Rc2+ 54. Kf3 Kxe6 55. g4 hxg4+ 56. Kxg4 c3 57. Kf3 Rc1 58. Ke2 Bxf4 59. Kd3 c2 60. Nc5+ Kf5 61. Nb3 Rb1 62. Kxc2 Rh1 63. Nd4+ Kg4 64. Kd3 Rxh4 65. Ke2 Rh3 66. Kf1 Rd3 67. Ne2 Bg3 68. Kg2 Rd2 69. Kf1 Kf3 70. Ng1+ Ke3 71. Nh3 Rh2 72. Ng5 Kf4 73. Ne6+ Kg4 74. Kg1 Re2 75. Nd4 Re1+ 76. Kg2 Re4 77. Nf3 Re2+ 78. Kg1 Kxf3 79. Kh1 Re1# 0-1


[Site "https://www.chess.com"]

[Event "Titled Tuesday Blitz March 21 Early 2023"]
[White "Orlov, Georgi"]
[Black "Fernandez Garcia, Gumersindo"]
[WhiteFideId "2011271"]
[BlackFideId "24516740"]
[WhiteElo "2616"]
[BlackElo "2093"]
[Result "1-0"]
[Round "07"]
[TimeControl "180+2"]
[Date "2023.03.21"]
[WhiteClock "0:00:41"]
[BlackClock "0:00:14"]

1. e4 c5 2. Nf3 g6 3. c3 Bg7 4. d4 cxd4 5. cxd4 d5 6. exd5 Nf6 7. Bb5+ Bd7 8. Bc4 O-O 9. Nc3 b5 10. Bxb5 Bxb5 11. Nxb5 Nxd5 12. O-O Nc6 13. Nc3 Nb6 14. Be3 e6 15. Qd3 Rc8 16. Rfd1 Nb4 17. Qe2 Nc4 18. Bg5 Qa5 19. Be7 Rfe8 20. Bc5 Nb6 21. a3 N4d5 22. Ne4 Red8 23. a4 Nd7 24. Nd6 Rc7 25. Nxf7 Kxf7 26. Ng5+ Kf6 27. Nxh7+ Kf7 28. Ng5+ Kf6 29. h4 Nxc5 30. Qe5+ Ke7 31. Qxg7+ Ke8 32. Qxg6+ Kd7 33. dxc5 Re8 34. Nxe6 Rxe6 35. Rxd5+ Ke7 36. Qg5+ Ke8 37. Rd8+ Kf7 38. Qg8+ Ke7 39. Qf8# 1-0


[Site "https://www.chess.com"]

[Event "Titled Tuesday Blitz March 21 Early 2023"]
[White "Alex_Sahakyan2006"]
[Black "Fernandez Hernandez, Arturo A."]
[BlackFideId "3509230"]
[WhiteElo "2612"]
[BlackElo "2393"]
[Result "1-0"]
[Round "07"]
[TimeControl "180+2"]
[Date "2023.03.21"]
[WhiteClock "0:00:14"]
[BlackClock "0:00:08"]

1. e4 c5 2. Nc3 Nc6 3. Bb5 Nd4 4. Bc4 e6 5. Nge2 a6 6. a4 Ne7 7. O-O Nec6 8. d3 g6 9. Bf4 Bg7 10. Bd6 Bf8 11. Bxf8 Kxf8 12. Nxd4 Nxd4 13. e5 d5 14. exd6 Qxd6 15. Ne4 Qe7 16. c3 Nf5 17. Qc1 Kg7 18. Re1 b6 19. Qf4 Rd8 20. Ng3 Nxg3 21. Qe5+ Qf6 22. Qxg3 Ra7 23. Qb8 Rb7 24. Qe5 Qxe5 25. Rxe5 Kf6 26. f4 b5 27. axb5 axb5 28. Bb3 c4 29. dxc4 bxc4 30. Bxc4 Rxb2 31. Re2 Rdd2 32. Rxd2 Rxd2 33. Bf1 Rc2 34. c4 Bb7 35. Ra5 h5 36. Rb5 Ba6 37. Rb4 Rc1 38. Kf2 h4 39. g3 Rc2+ 40. Be2 hxg3+ 41. hxg3 Kf5 42. Ke3 Rc3+ 43. Kf2 Kf6 44. Ra4 Bb7 45. Rb4 Ba6 46. Ra4 Bb7 47. Ra5 Be4 48. g4 Bd3 49. g5+ Kg7 50. Bxd3 Rxd3 51. c5 Rc3 52. Ke2 Kf8 53. Ra8+ Ke7 54. Ra7+ Ke8 55. Rc7 Kf8 56. Kd2 Rc4 57. Ke3 Kg7 58. Rc8 Kh7 59. c6 Kg7 60. Rc7 Kg8 61. Kd3 Rxf4 62. Rc8+ Kg7 63. c7 Rf3+ 64. Kd4 Rf4+ 65. Kd3 Rf3+ 66. Kc4 Rf4+ 67. Kb5 Rf5+ 68. Kb6 Rxg5 69. Rd8 Rg1 70. c8=Q Rb1+ 71. Ka5 Ra1+ 72. Kb4 Rb1+ 73. Ka3 Ra1+ 74. Kb2 Rf1 75. Qc3+ f6 76. Rd7+ Kh6 77. Qh3+ 1-0


[Site "https://www.chess.com"]

[Event "Titled Tuesday Blitz March 21 Early 2023"]
[White "Budrewicz, Krzysztof"]
[Black "Jakubowska, Anna"]
[WhiteFideId "1127950"]
[BlackFideId "1121952"]
[WhiteElo "2230"]
[BlackElo "2001"]
[Result "0-1"]
[Round "07"]
[TimeControl "180+2"]
[Date "2023.03.21"]
[WhiteClock "0:00:12"]
[BlackClock "0:00:05"]

1. d4 f5 2. h3 d6 3. Nf3 Nf6 4. c4 g6 5. Nc3 Bg7 6. h4 h6 7. Bf4 O-O 8. Qd2 Kh7 9. g3 Ng4 10. d5 e5 11. dxe6 Bxe6 12. e3 Ne5 13. Bxe5 dxe5 14. Qxd8 Rxd8 15. Be2 Nc6 16. Nd2 e4 17. Nb3 Ne5 18. c5 Bc4 19. Nc1 Bxe2 20. Kxe2 Nf3 21. Nb3 Bxc3 22. bxc3 Rd5 23. Rhd1 Rad8 24. c6 bxc6 25. Nd4 c5 26. Nb3 Ne5 27. Rxd5 Rxd5 28. Rd1 Rxd1 29. Kxd1 Nd3 30. Ke2 Kg7 31. a4 Kf6 32. Na5 Nb2 33. c4 Ke6 34. Kd2 Nxa4 35. Kc2 Nb6 36. Kb3 g5 37. h5 a6 38. Nb7 Nd7 39. Nd8+ Kf6 40. Nc6 Ne5 41. Nb8 Nd3 42. Nd7+ Ke6 43. Nf8+ Kf7 44. Nd7 Nxf2 45. Nxc5 Ng4 46. Nxa6 Nxe3 47. Nxc7 Nf1 48. c5 e3 49. Nd5 e2 50. c6 e1=Q 51. c7 Qxg3+ 52. Kc4 Nd2+ 53. Kc5 Ne4+ 54. Kc6 Nd6 55. Nb6 Qe5 56. Nd7 Qh2 57. Nc5 g4 0-1


[Site "https://www.chess.com"]

[Event "Titled Tuesday Blitz March 21 Early 2023"]
[White "Safin, Robert"]
[Black "Carrasco Miranda, Andres"]
[WhiteFideId "34189120"]
[BlackFideId "3405990"]
[WhiteElo "2245"]
[BlackElo "2183"]
[Result "0-1"]
[Round "07"]
[TimeControl "180+2"]
[Date "2023.03.21"]
[WhiteClock "0:00:02"]
[BlackClock "0:00:07"]

1. e4 c5 2. c3 d5 3. exd5 Qxd5 4. d4 g6 5. Nf3 Bg7 6. Nbd2 cxd4 7. Bc4 Qd8 8. Nxd4 Nh6 9. N2f3 O-O 10. O-O Qc7 11. Qb3 a6 12. a4 Nd7 13. Re1 Nc5 14. Qa2 Nf5 15. Bg5 e5 16. Nc2 e4 17. Nfd4 Nxd4 18. Nxd4 h6 19. Be3 Kh7 20. Rad1 f5 21. Ne6 Nxe6 22. Bxe6 f4 23. Bd4 Bxe6 24. Qxe6 Rae8 25. Qb6 Qf7 26. Bxg7 Qxg7 27. Qd4 Qe7 28. Qd7 Rf7 29. Qxe7 Rfxe7 30. Rd4 Kg7 31. Kf1 g5 32. Ke2 e3 33. f3 Kf6 34. Red1 Re6 35. Rd6 Rxd6 36. Rxd6+ Re6 37. Rd7 Rb6 38. b4 h5 39. a5 Rc6 40. Kd3 Ke5 41. h3 Rd6+ 42. Rxd6 Kxd6 43. c4 h4 44. Ke2 Ke5 45. Kd3 Ke6 46. Kc3 Kd6 47. Kd3 Kc6 48. Kc3 b6 49. axb6 Kxb6 50. Kd3 a5 51. b5 a4 52. Kc3 a3 0-1


[Site "https://www.chess.com"]

[Event "Titled Tuesday Blitz March 21 Early 2023"]
[White "Jeet, Jain"]
[Black "Harriott, Tyrell"]
[WhiteFideId "5073022"]
[BlackFideId "2086484"]
[WhiteElo "2067"]
[BlackElo "2107"]
[Result "1-0"]
[Round "07"]
[TimeControl "180+2"]
[Date "2023.03.21"]
[WhiteClock "0:00:12"]
[BlackClock "0:00:02"]

1. Nf3 d5 2. g3 e6 3. Bg2 Bd6 4. O-O f5 5. d3 Nf6 6. c4 O-O 7. b3 Nbd7 8. Bb2 f4 9. Nc3 Qe8 10. Nb5 fxg3 11. hxg3 Ng4 12. Nxd6 Qh5 13. Re1 cxd6 14. cxd5 e5 15. Qd2 h6 16. Rac1 Nb6 17. a4 Nxd5 18. Ba3 Rf6 19. Qc2 Bd7 20. Qa2 Kh8 21. b4 Be6 22. Qd2 Raf8 23. b5 Bg8 24. Rc2 Nb6 25. a5 Nd5 26. Rec1 Ne7 27. Rc7 Bd5 28. Rxe7 Bxf3 29. exf3 Rxf3 30. Rc8 Qh2+ 31. Kf1 Rxc8 32. Bxf3 Qh3+ 33. Ke2 Nh2 34. Bd5 Rf8 35. Qe3 Qf1+ 36. Kd2 Rxf2+ 37. Kc3 Qa1+ 38. Kb4 Qb1+ 39. Bb3 Rf8 40. Qe4 Nf3 41. Qg6 Qe1+ 42. Ka4 1-0


[Site "https://www.chess.com"]

[Event "Titled Tuesday Blitz March 21 Early 2023"]
[White "Jovic, Stanoje"]
[Black "Decuigniere, Tom"]
[WhiteFideId "905020"]
[BlackFideId "26093820"]
[WhiteElo "2236"]
[BlackElo "2312"]
[Result "1-0"]
[Round "07"]
[TimeControl "180+2"]
[Date "2023.03.21"]
[WhiteClock "0:00:14"]
[BlackClock "0:00:08"]

1. c4 c5 2. g3 g6 3. Bg2 Bg7 4. Nc3 Nc6 5. Nf3 d6 6. O-O Bf5 7. Nh4 Bd7 8. e3 Nh6 9. d4 Bg4 10. f3 Bd7 11. d5 Ne5 12. Qe2 g5 13. f4 Bg4 14. Qc2 gxh4 15. fxe5 Bxe5 16. gxh4 e6 17. Qf2 Bf5 18. dxe6 fxe6 19. Bxb7 Ng4 20. Qg2 Rb8 21. Bc6+ Ke7 22. e4 Bxh2+ 23. Kh1 Rg8 24. exf5 Ne3 25. Qe4 Nxf1 26. Qxe6+ Kf8 27. Bh6+ Rg7 28. Rxf1 Qxh4 29. Bxg7+ Kxg7 30. Qe4 1-0


[Site "https://www.chess.com"]

[Event "Titled Tuesday Blitz March 21 Early 2023"]
[White "Kim, Sergey"]
[Black "Meunier-Pion, Jean"]
[WhiteFideId "13700570"]
[BlackFideId "20685327"]
[WhiteElo "2594"]
[BlackElo "2124"]
[Result "1-0"]
[Round "07"]
[TimeControl "180+2"]
[Date "2023.03.21"]
[WhiteClock "0:00:20"]
[BlackClock "0:00:04"]

1. d4 Nf6 2. c4 e6 3. Nc3 Bb4 4. Qc2 O-O 5. a3 Bxc3+ 6. Qxc3 d5 7. Nf3 b6 8. g3 dxc4 9. Qxc4 Ba6 10. Qc2 c5 11. dxc5 Nbd7 12. c6 Rc8 13. Bg2 Qc7 14. Nd4 e5 15. Nf5 Nb8 16. O-O Kh8 17. Bg5 Nxc6 18. Bxf6 gxf6 19. Rac1 Bb7 20. Qa4 Qd7 21. Qg4 Rg8 22. Qh3 Rg5 23. Nh6 Qxh3 24. Bxh3 Rf8 25. Bg2 Nd4 26. Bxb7 Nxe2+ 27. Kg2 Nxc1 28. Rxc1 Kg7 29. h4 Kxh6 30. hxg5+ fxg5 31. Rc7 Kg6 32. g4 a5 33. Be4+ Kg7 34. Rb7 Rd8 35. Rxb6 Rd4 36. f3 Rd2+ 37. Kg3 Rd1 38. Rb7 Rg1+ 39. Kf2 Rd1 40. b4 Rd2+ 41. Kg3 Ra2 42. bxa5 Rxa3 43. Rb5 h5 44. gxh5 f5 45. Bxf5 g4 46. Bxg4 e4 47. Rb7+ Kh6 48. Rb6+ Kg5 49. Rg6# 1-0


[Site "https://www.chess.com"]

[Event "Titled Tuesday Blitz March 21 Early 2023"]
[White "Popov, Mikhail"]
[Black "Klepikov, Nikita"]
[WhiteFideId "4146182"]
[BlackFideId "24145220"]
[WhiteElo "2270"]
[BlackElo "2025"]
[Result "1-0"]
[Round "07"]
[TimeControl "180+2"]
[Date "2023.03.21"]
[WhiteClock "0:00:56"]
[BlackClock "0:00:06"]

1. d4 Nf6 2. Nf3 d6 3. Bg5 Ne4 4. Bh4 c5 5. c3 cxd4 6. cxd4 g5 7. Bg3 Qa5+ 8. Nfd2 Bg7 9. e3 O-O 10. Bd3 Bf5 11. Qe2 Nc6 12. O-O Nxg3 13. hxg3 Bxd3 14. Qxd3 Nb4 15. Qb3 Rac8 16. Nc3 g4 17. a3 Nd3 18. Nd5 Qxd2 19. Nxe7+ Kh8 20. Nxc8 Nxb2 21. Nxd6 1-0


[Site "https://www.chess.com"]

[Event "Titled Tuesday Blitz March 21 Early 2023"]
[White "Koellner, Ruben Gideon"]
[Black "Shukhman, Anna"]
[WhiteFideId "12993093"]
[BlackFideId "54180058"]
[WhiteElo "2303"]
[BlackElo "2125"]
[Result "0-1"]
[Round "07"]
[TimeControl "180+2"]
[Date "2023.03.21"]
[WhiteClock "0:02:03"]
[BlackClock "0:01:43"]

1. d4 Nf6 2. Nf3 g6 3. Nbd2 d5 4. e3 Bg7 5. b4 O-O 6. c4 a5 7. b5 c6 8. Ba3 Be6 9. Rc1 dxc4 10. bxc6 b5 11. Nxc4 bxc4 12. Bxc4 Bxc4 13. Rxc4 Qd5 14. Qc2 Rc8 15. c7 Na6 16. Bxe7 Nd7 17. O-O Ra7 18. Bd8 Nb6 19. Rc6 Nb4 20. Rxb6 Nxc2 21. Rb8 Qd7 22. Rc1 Raxc7 23. Bxc7 Qxc7 24. Rb2 Qc3 25. Rcxc2 Qxb2 26. Rxc8+ Bf8 27. g3 Qb7 0-1


[Site "https://www.chess.com"]

[Event "Titled Tuesday Blitz March 21 Early 2023"]
[White "Berezin, Viktor"]
[Black "Lorenzo De La Riva, Lazaro"]
[WhiteFideId "14107872"]
[BlackFideId "2268809"]
[WhiteElo "2310"]
[BlackElo "2294"]
[Result "1-0"]
[Round "07"]
[TimeControl "180+2"]
[Date "2023.03.21"]
[WhiteClock "0:00:28"]
[BlackClock "0:00:03"]

1. d4 Nf6 2. c4 c5 3. d5 b5 4. Qc2 b4 5. e4 d6 6. a3 a5 7. f4 g6 8. e5 dxe5 9. fxe5 Ng4 10. Nf3 Bg7 11. Bf4 Nd7 12. e6 fxe6 13. dxe6 Ndf6 14. h3 Nh6 15. Qa4+ Kf8 16. Qc6 Ra6 17. Qxc5 Rxe6+ 18. Be2 Ne4 19. Qa7 Nf5 20. O-O Bf6 21. axb4 axb4 22. Ra5 Kg7 23. Rd5 Qe8 24. Be5 Neg3 25. Re1 Bxe5 26. Nxe5 Rf8 27. Bf3 h5 28. Nd2 h4 29. Ne4 Nxe4 30. Bxe4 Ng3 31. Bf3 Rf5 32. Qd4 Kh7 33. Qxh4+ Nh5 34. Bg4 Qf8 35. Bxf5 Qxf5 36. Rf1 Qe4 37. Qxe4 Ng3 38. Qh4+ Kg8 39. Qxg3 Kg7 40. Nxg6 Kh7 41. Rh5+ Kg7 42. Ne5+ 1-0


[Site "https://www.chess.com"]

[Event "Titled Tuesday Blitz March 21 Early 2023"]
[White "Bogaudinov, Rushan"]
[Black "benny_aizenberg"]
[WhiteFideId "4129288"]
[WhiteElo "1949"]
[BlackElo "2568"]
[Result "0-1"]
[Round "07"]
[TimeControl "180+2"]
[Date "2023.03.21"]
[WhiteClock "0:00:03"]
[BlackClock "0:00:05"]

1. d4 g6 2. h4 Bg7 3. h5 d5 4. h6 Bf6 5. c4 c5 6. e3 cxd4 7. exd4 dxc4 8. Be3 Nc6 9. Nf3 Bg4 10. d5 Ne5 11. Nc3 a6 12. a4 Rc8 13. a5 Nxf3+ 14. gxf3 Bf5 15. Ra4 e6 16. Bxc4 Ne7 17. dxe6 Qxd1+ 18. Kxd1 fxe6 19. Ne4 Be5 20. Rb4 O-O 21. Rxb7 Rxc4 22. Rxe7 Bxb2 23. Ke2 Ra4 24. Rd1 e5 25. Rg7+ Kh8 26. Ng5 e4 27. Rxh7+ Kg8 28. fxe4 Bg4+ 29. f3 Bxf3+ 30. Nxf3 Kxh7 31. Rd7+ Kh8 32. Nd4 Re8 33. Kf3 Rxa5 34. Nc6 Ra3 35. Ne7 Kh7 36. Nf5+ Kg8 37. h7+ Kh8 38. Nh6 Bg7 39. Ke2 Rxe3+ 40. Kxe3 Bxh6+ 41. Kd4 Bg7+ 42. Kd5 Kxh7 43. Ra7 Re5+ 44. Kc6 a5 0-1


[Site "https://www.chess.com"]

[Event "Titled Tuesday Blitz March 21 Early 2023"]
[White "Richter, Nils"]
[Black "TigranHH"]
[WhiteFideId "12990809"]
[WhiteElo "2381"]
[BlackElo "2306"]
[Result "1-0"]
[Round "07"]
[TimeControl "180+2"]
[Date "2023.03.21"]
[WhiteClock "0:00:29"]
[BlackClock "0:00:12"]

1. e4 c6 2. Nf3 d5 3. d3 g6 4. e5 Bg7 5. h3 Nh6 6. d4 O-O 7. Bd3 f6 8. O-O Nf7 9. Re1 Na6 10. c3 Nc7 11. Bf4 Ne6 12. Bg3 Bd7 13. exf6 exf6 14. Nbd2 Neg5 15. Qc2 f5 16. Nxg5 Nxg5 17. Be5 f4 18. h4 Ne6 19. Nf3 Bf6 20. Bxf6 Qxf6 21. Re5 Ng7 22. Rae1 Rae8 23. c4 Bg4 24. Ng5 h6 25. Bxg6 hxg5 26. Bxe8 gxh4 27. Qg6 f3 28. Qxf6 Rxf6 29. cxd5 cxd5 30. Ba4 fxg2 31. Kxg2 Bf3+ 32. Kh2 Be4 33. Re2 Rg6 34. f4 Rg3 35. Bb3 Rd3 36. R5xe4 1-0


[Site "https://www.chess.com"]

[Event "Titled Tuesday Blitz March 21 Early 2023"]
[White "The_Sherman_Variation"]
[Black "Pniaczek, Marek"]
[BlackFideId "21800421"]
[WhiteElo "2549"]
[BlackElo "2138"]
[Result "1/2-1/2"]
[Round "07"]
[TimeControl "180+2"]
[Date "2023.03.21"]
[WhiteClock "0:00:22"]
[BlackClock "0:00:06"]

1. g3 Nf6 2. Bg2 d5 3. Nf3 Bf5 4. O-O h6 5. d3 c6 6. Re1 e6 7. b3 Nbd7 8. Bb2 Be7 9. Nbd2 O-O 10. e4 Bh7 11. Qe2 Qc7 12. h3 a5 13. a4 Rfe8 14. Nh2 Bf8 15. f4 e5 16. f5 Rad8 17. g4 dxe4 18. dxe4 Nc5 19. h4 h5 20. g5 Ng4 21. Nxg4 hxg4 22. Nc4 b5 23. Ne3 g3 24. Qg4 g6 25. h5 Rd2 26. Bc3 Rd7 27. Qxg3 bxa4 28. bxa4 Na6 29. Nc4 gxf5 30. g6 fxg6 31. hxg6 Bc5+ 32. Kh1 Rg7 33. gxh7+ Kh8 34. Bxe5 Rxe5 35. Qxe5 Qxe5 36. Nxe5 Rxh7+ 37. Bh3 Rxh3+ 38. Kg2 Rc3 39. exf5 Rxc2+ 40. Kf3 Bd4 41. Ke4 Bxa1 42. Rxa1 Nc5+ 43. Kf4 Rf2+ 44. Kg5 Ne4+ 45. Kg6 Rg2+ 46. Kf7 Nd6+ 47. Ke6 Ne4 48. Rh1+ Kg7 49. Nxc6 Ng5+ 50. Ke5 Re2+ 51. Kf4 Nf7 52. Nd4 Ra2 53. Ne6+ Kf6 54. Re1 Rxa4+ 55. Re4 Rxe4+ 56. Kxe4 Ng5+ 57. Nxg5 Kxg5 58. Ke5 a4 59. f6 a3 60. f7 a2 61. f8=Q a1=Q+ 62. Kd5 Qd1+ 63. Ke4 Qe2+ 64. Kd4 Qd2+ 65. Kc4 Qc2+ 66. Kb5 Qb3+ 67. Kc6 Qc4+ 68. Kb6 Qd4+ 69. Ka6 Qc4+ 70. Kb6 Qd4+ 71. Ka5 Qd5+ 72. Ka4 Qd4+ 73. Kb3 Qd3+ 74. Kb4 Qd4+ 75. Kb5 Qd5+ 76. Kb6 Qd4+ 1/2-1/2


[Site "https://www.chess.com"]

[Event "Titled Tuesday Blitz March 21 Early 2023"]
[White "Garv Gaur"]
[Black "Fernandez Hernandez, Gerardo"]
[WhiteFideId "45030839"]
[BlackFideId "2207400"]
[WhiteElo "2068"]
[BlackElo "2229"]
[Result "1-0"]
[Round "07"]
[TimeControl "180+2"]
[Date "2023.03.21"]
[WhiteClock "0:02:16"]
[BlackClock "0:00:01"]

1. Nf3 Nf6 2. g3 g6 3. Bg2 Bg7 4. O-O O-O 5. d4 d6 6. c4 Nbd7 7. Nc3 e5 8. e4 exd4 9. Nxd4 Re8 10. Re1 a5 11. h3 Nc5 12. Ndb5 Be6 13. e5 dxe5 14. Qxd8 Rexd8 15. Nxc7 Rac8 16. Nxe6 Nxe6 17. b3 e4 18. Rb1 Nc5 19. Ba3 Rd4 20. Bxc5 Rxc5 21. Nxe4 Nxe4 22. Rxe4 Rxe4 23. Bxe4 b5 24. Bd5 b4 25. Re1 Rc7 26. Re8+ Bf8 27. Ra8 Re7 28. Rxa5 Re1+ 29. Kg2 Be7 30. Ra7 Kg7 31. c5 Bxc5 32. Rxf7+ Kh6 33. Rc7 Bd4 34. Bg8 1-0


[Site "https://www.chess.com"]

[Event "Titled Tuesday Blitz March 21 Early 2023"]
[White "TimGrutter03"]
[Black "Lwanga, Aguda"]
[BlackFideId "10801529"]
[WhiteElo "2545"]
[BlackElo "1475"]
[Result "1-0"]
[Round "07"]
[TimeControl "180+2"]
[Date "2023.03.21"]
[WhiteClock "0:02:12"]
[BlackClock "0:02:30"]

1. e4 e5 2. Nf3 Nc6 3. g3 Bc5 4. Bg2 Nf6 5. d3 d6 6. O-O O-O 7. c3 a6 8. b4 Ba7 9. a4 Bg4 10. h3 Bd7 11. Qe2 h6 12. Nbd2 Nh7 13. Nc4 f5 14. exf5 Bxf5 15. Nh4 Be6 16. Be3 Bxc4 17. dxc4 Bxe3 18. Qxe3 Rb8 19. Bd5+ Kh8 20. Ng6# 1-0


[Site "https://www.chess.com"]